Map: Catalyst LE

Players

Elazer

  • Race: Zerg Zerg
  • Spawn Location: 5:00

soul - Winner!

  • Race: Terran Terran
  • Spawn Location: 11:00

Event: WCS Austin 2018

VOD

Have the link to the VOD?

Description

Time

  • Played on: June 1, 2018, 3:49 p.m.
  • Length: 17:45

All games in this series

Show
View Real Time Build Order
Export as new Build Order

Elazer Zerg 

Build Orders: Hatch First 

Get SALT Encoding   

  12  0:00  Drone  
  13  0:11  Overlord  
  13  0:17  Drone  
  14  0:30  Drone x2  
  16  0:48  Hatchery  
  15  0:51  Drone  
  15  0:55  Drone  
  17  0:58  Drone  
  18  1:09  Extractor  
  17  1:13  Spawning Pool  
  17  1:17  Drone  
  17  1:20  Drone  
  18  1:28  Drone  
  19  1:38  Drone  
  20  1:49  Drone  
  21  1:59  Queen  
  21  2:00  Zergling x2, Queen  
  21  2:01  Zergling x2  
  27  2:14  Hatchery  
  26  2:19  Overlord  
  27  2:22  Drone  
  27  2:25  Drone  
  28  2:31  Metabolic Boost  
  28  2:38  Drone x2  
  28  2:39  Drone  
  31  2:46  Queen  
  31  2:50  Overlord  
  33  2:54  Drone  
  33  2:55  Drone  
  33  2:58  Drone  
  36  3:10  Drone x2  
  36  3:11  Drone  
  36  3:12  Drone x2  
  41  3:17  Overlord  
  41  3:20  Drone  
  41  3:21  Queen  
  41  3:27  Drone x2  
  46  3:29  Drone  
  48  3:41  Zergling x6  
  48  3:42  Zergling x2  
  48  3:44  Overlord  
  48  3:45  Drone  
  52  3:48  Drone x2  
  52  3:54  Drone x3  
  52  3:55  Drone  
  58  4:01  Overlord  
  58  4:09  Evolution Chamber  
  57  4:11  Extractor  
  57  4:12  Drone x2  
  57  4:13  Overlord  
  57  4:20  Drone  
  57  4:21  Drone  
  57  4:23  Drone x4, Evolution Chamber  
  62  4:24  Queen  
  62  4:27  Drone  
  65  4:32  Drone  
  65  4:33  Drone  
  65  4:38  Overlord, Zerg Ground Armor Level 1  
  67  4:39  Drone x6  
  73  4:46  Overlord, Extractor, Drone  
  73  4:52  Zerg Melee Weapons Level 1  
  73  4:55  Overlord  
  73  4:59  Drone x3  
  76  5:02  Extractor  
  76  5:06  Lair, Queen  
  77  5:11  Overlord  
  77  5:12  Hatchery  
  76  5:15  Baneling Nest, Zergling x8  
  76  5:18  Overlord  
  79  5:22  Zergling x8  
  79  5:25  Drone x2  
  85  5:29  Zergling x4  
  85  5:32  Overlord  
  87  5:42  Overlord  
  86  5:45  Extractor  
  86  5:47  Drone x3  
  86  5:48  Drone  
  86  5:49  Drone  
  90  5:52  Zergling x2  
  90  5:53  Hatchery  
  90  5:59  Overlord  
  90  6:02  Baneling x4, Zergling x16  
  98  6:08  Centrifical Hooks  
  98  6:09  Overlord  
  98  6:10  Zergling x2  
  98  6:11  Baneling x2  
  98  6:13  Zergling x2  
  97  6:22  Zergling x8  
  97  6:27  Zergling x12  
  97  6:31  Overlord  
  99  6:41  Zergling x2  
  99  6:42  Zergling x6  
  99  6:46  Zerg Ground Armor Level 2, Zerg Melee Weapons Level 2  
  99  6:48  Drone x2  
  99  6:49  Drone  
  102  6:55  Overlord  
  102  6:56  Drone  
  102  6:57  Drone  
  102  6:59  Drone  
  102  7:00  Drone  
  102  7:01  Drone x2  
  108  7:02  Drone x4  
  108  7:06  Overlord, Hydralisk Den  
  108  7:07  Drone  
  112  7:11  Baneling  
  112  7:12  Baneling x6  
  112  7:14  Zergling x6  
  115  7:18  Overlord  
  115  7:20  Infestation Pit  
  115  7:21  Zergling x4  
  115  7:25  Hatchery  
  113  7:31  Drone x12  
  113  7:35  Extractor  
  113  7:36  Extractor  
  123  7:38  Hydralisk  
  123  7:39  Hydralisk x2, Grooved Spines  
  129  8:00  Overlord, Hydralisk  
  129  8:01  Hydralisk x9  
  149  8:11  Overlord  
  147  8:13  Zergling x6  
  147  8:14  Spawning Pool  
  146  8:22  Drone  
  145  8:33  Hive  
  145  8:38  Hydralisk  
  145  8:39  Hydralisk x9  
  165  8:43  Hydralisk x3  
  171  8:52  Muscular Augments  
  166  9:03  Zergling x38  
  166  9:06  Zerg Missile Weapons Level 1  
  166  9:07  Baneling  
  166  9:08  Baneling x4  
  185  9:12  Zergling x12  
  185  9:16  Baneling  
  185  9:17  Baneling x9  
  191  9:22  Zergling x14  
  194  9:43  Baneling x30  
  194  9:54  Drone x2  
  194  9:56  Spire, Zergling x8  
  199  10:05  Zergling x2  
  199  10:06  Hatchery, Zergling x16  
  181  10:17  Zergling x18  
  181  10:20  Burrow  
  189  10:22  Zerg Ground Armor Level 3  
  189  10:23  Zergling x2  
  189  10:24  Zergling x18  
  199  10:31  Baneling  
  199  10:32  Baneling x10  
  197  10:46  Zergling x12  
  197  10:49  Overlord  
  188  11:00  Overlord, Adrenal Glands  
  188  11:04  Drone x3  
  183  11:06  Overlord  
  183  11:07  Zergling x32  
  193  11:17  Viper x2  
  198  11:19  Viper  
  198  11:20  Hatchery  
  197  11:33  Greater Spire  
  197  11:39  Zergling x14  
  199  11:44  Baneling x3  
  191  11:47  Zergling x20  
  182  11:57  Zergling x2  
  182  11:58  Zergling x28  
  180  12:02  Baneling x15  
  180  12:03  Baneling  
  180  12:04  Zergling x8  
  166  12:10  Zergling x2  
  162  12:22  Zergling x22  
  166  12:30  Baneling x22  
  166  12:34  Zergling x6  
  158  12:48  Zergling x20  
  161  12:56  Zergling x16  
  162  13:11  Zergling x14  
  146  13:16  Zergling x4  
  146  13:19  Baneling x26  
  146  13:26  Zergling x2  
  146  13:27  Zergling x8  
  149  13:34  Zergling x6  
  149  13:38  Zergling x2  
  149  13:39  Zergling x6  
  155  13:52  Hatchery  
  154  13:57  Zergling x12  
  154  14:00  Baneling x3  
  134  14:18  Zergling x18  
  134  14:19  Zergling x14  
  134  14:20  Baneling  
  133  14:29  Zergling x14  
  132  14:43  Zergling x2  
  132  14:44  Zergling x12  
  118  14:47  Hydralisk x3  
  118  14:48  Zergling x2  
  118  14:49  Baneling x2, Zergling x2  
  119  14:52  Hydralisk  
  119  14:53  Hydralisk x2  
  119  14:55  Hydralisk  
  122  15:00  Baneling x15  
  122  15:01  Hydralisk  
  122  15:02  Hydralisk x3  
  122  15:05  Zergling x6  
  132  15:14  Hydralisk  
  132  15:15  Hydralisk x3  
  140  15:23  Hydralisk x4  
  144  15:34  Baneling  
  144  15:35  Baneling x4  
  141  15:43  Hatchery  
  141  15:44  Unknown  
  141  15:45  Zergling x14  
  127  15:51  Zergling x2  
  127  15:52  Zergling x8  
  117  15:58  Zergling x12  
  117  16:09  Zergling x2  
  117  16:10  Zergling x14  
  125  16:11  Baneling x3  
  125  16:12  Baneling  
  115  16:20  Zergling x10  
  111  16:25  Zergling x2  
  111  16:26  Zergling x6  
  111  16:31  Zergling x4  
  106  16:40  Viper x2  
  106  16:42  Viper  
  115  16:47  Viper  
  115  16:48  Baneling x2  
  115  16:49  Baneling  
  115  16:52  Baneling x2  
  115  16:53  Baneling  
  118  17:00  Baneling x6  
  116  17:19  Zergling x6  
  116  17:20  Zergling x22  
Show
View Real Time Build Order
Export as new Build Order

soul Terran - Winner!

Build Orders: Command Center First (CC), MMM Bio 

Get SALT Encoding   

  12  0:00  SCV  
  13  0:12  SCV  
  14  0:17  Supply Depot  
  14  0:24  SCV  
  15  0:39  SCV  
  16  0:51  SCV  
  17  1:03  Command Center  
  17  1:05  SCV  
  17  1:10  Refinery  
  18  1:17  SCV  
  19  1:23  Barracks  
  19  1:29  SCV  
  20  1:41  SCV  
  21  1:54  SCV  
  22  2:10  Orbital Command, Marine  
  22  2:12  Factory  
  22  2:14  Orbital Command  
  23  2:30  Supply Depot  
  23  2:31  Barracks Reactor  
  24  2:37  SCV  
  24  2:40  SCV  
  25  2:49  SCV  
  26  2:52  SCV, Command Center  
  27  3:01  SCV  
  27  3:04  SCV  
  29  3:10  Hellion  
  29  3:11  Hellion  
  33  3:13  SCV  
  33  3:17  SCV  
  35  3:20  Barracks Tech Lab  
  35  3:24  Supply Depot  
  35  3:25  SCV  
  36  3:29  SCV  
  36  3:33  Hellion x2  
  41  3:37  SCV  
  41  3:38  Barracks  
  41  3:40  Stimpack, Marine  
  41  3:41  SCV  
  44  3:45  Barracks  
  44  3:49  SCV  
  44  3:53  SCV  
  46  3:58  Refinery, Starport  
  46  4:01  SCV  
  47  4:05  SCV  
  47  4:07  Supply Depot  
  47  4:08  Orbital Command  
  48  4:12  Factory Reactor  
  48  4:14  SCV  
  49  4:17  SCV, Marine  
  49  4:23  Refinery  
  51  4:24  Refinery  
  51  4:26  SCV  
  51  4:29  SCV  
  53  4:35  Marine  
  53  4:38  Starport Reactor, Engineering Bay, SCV, Marine x2  
  54  4:39  Supply Depot  
  54  4:40  Engineering Bay, SCV  
  54  4:41  SCV  
  57  4:50  SCV  
  59  4:53  SCV  
  59  4:54  Factory Tech Lab  
  59  4:55  Marine  
  59  4:56  Marine x2  
  59  4:57  Marine  
  59  4:58  Marine  
  64  5:02  Supply Depot, SCV  
  64  5:05  Terran Infantry Weapons Level 1, SCV  
  64  5:06  Terran Infantry Armor Level 1  
  66  5:13  Orbital Command, Marine x2  
  66  5:14  SCV, Marine  
  68  5:15  Supply Depot  
  68  5:16  Medivac  
  68  5:18  SCV, Marine x2  
  75  5:24  Medivac  
  75  5:26  SCV  
  78  5:30  SCV, Marine  
  78  5:31  Marine x2  
  82  5:35  Barracks  
  82  5:36  Barracks  
  82  5:38  SCV  
  82  5:40  SCV  
  82  5:42  Supply Depot  
  84  5:43  Marine  
  84  5:46  Combat Shield  
  84  5:49  Marauder, Marine  
  88  5:52  SCV  
  88  5:56  Supply Depot, Marine  
  90  6:01  Marine x2  
  92  6:06  Armory, SCV  
  92  6:07  Marine  
  92  6:08  SCV  
  92  6:10  Marine  
  95  6:13  Marine  
  95  6:14  SCV  
  95  6:17  Medivac  
  99  6:19  Marine x2  
  99  6:25  Marine  
  100  6:26  SCV  
  100  6:27  Marine  
  100  6:30  SCV, Barracks Reactor  
  100  6:31  Siege Tank, Marine, Barracks Reactor  
  100  6:32  SCV  
  107  6:37  Marine x2  
  107  6:38  SCV  
  110  6:43  Marine  
  110  6:45  Marine, Medivac  
  104  6:49  Supply Depot, Marine  
  104  6:51  SCV x3  
  108  6:54  Supply Depot  
  108  6:55  Marine x2  
  108  6:58  Refinery, Command Center  
  108  6:59  Refinery  
  108  7:01  Marine  
  111  7:03  SCV x3, Marine  
  111  7:04  Terran Infantry Weapons Level 2  
  111  7:05  Concussive Shells  
  111  7:07  Marine  
  111  7:08  Marine  
  117  7:11  Marine x3  
  117  7:13  Marine  
  117  7:15  SCV x3  
  124  7:16  Supply Depot  
  124  7:18  Supply Depot, Terran Infantry Armor Level 2  
  124  7:19  Marine  
  124  7:21  Marine  
  126  7:27  SCV x2  
  126  7:29  Factory  
  128  7:32  SCV  
  128  7:35  Marine, Terran Vehicle Weapons Level 1  
  128  7:36  Marauder, Supply Depot  
  132  7:39  SCV x2  
  132  7:40  Supply Depot, Marine  
  132  7:42  Supply Depot  
  132  7:43  Medivac  
  137  7:51  Medivac  
  136  7:52  Marine  
  136  7:53  Marine x6  
  136  7:57  Marauder  
  144  7:59  Supply Depot  
  144  8:00  Siege Tank, SCV  
  144  8:01  Marine  
  144  8:02  SCV  
  150  8:10  Marine x5  
  150  8:11  Planetary Fortress, Marine  
  150  8:12  SCV  
  157  8:13  SCV, Marine  
  157  8:14  SCV  
  157  8:19  Marauder  
  161  8:24  SCV  
  159  8:28  Barracks  
  159  8:29  Barracks  
  159  8:30  Barracks  
  159  8:32  Siege Tank  
  162  8:36  Factory Tech Lab  
  162  8:38  Marine  
  162  8:39  SCV, Marine  
  162  8:40  Marauder  
  167  8:46  SCV  
  167  8:47  Refinery  
  168  8:48  Sensor Tower  
  168  8:49  Missile Turret, SCV  
  168  8:51  SCV  
  168  8:52  Marine x6  
  176  8:56  Marine x2  
  176  8:59  Bunker, SCV  
  176  9:02  Marauder  
  177  9:04  Siege Tank  
  177  9:07  Siege Tank  
  183  9:10  SCV, Marine x6  
  183  9:12  Medivac x2  
  183  9:13  Marine  
  195  9:17  Barracks Tech Lab x2  
  195  9:18  Barracks Tech Lab  
  195  9:19  Marine  
  196  9:25  Marauder  
  196  9:28  Marine x4  
  196  9:30  Marine  
  196  9:44  Supply Depot  
  196  9:50  Refinery  
  196  9:55  Supply Depot  
  196  9:59  Marine  
  196  10:00  Marine  
  196  10:05  Marine x2, Medivac  
  196  10:06  Marauder  
  200  10:07  Marauder, Siege Tank  
  200  10:09  Command Center  
  189  10:14  Marine  
  189  10:15  Marine  
  189  10:16  Marine  
  189  10:18  Marine  
  189  10:24  Marine x2  
  189  10:31  Supply Depot  
  189  10:33  Supply Depot  
  189  10:39  SCV  
  189  10:41  SCV  
  189  10:42  Marauder  
  189  10:44  Marine  
  189  10:45  Marine x2  
  189  10:49  Marine  
  189  10:53  Marauder x2, SCV, Marine x3  
  184  11:14  Supply Depot x2  
  184  11:15  Supply Depot  
  184  11:18  Terran Infantry Weapons Level 3  
  183  11:19  Terran Infantry Armor Level 3  
  183  11:21  Marauder, Siege Tank, Marine x5  
  196  11:31  Marauder, SCV  
  196  11:36  SCV x2, Marine x3  
  196  11:37  Marauder  
  196  11:38  Marauder  
  196  11:39  Marine x4  
  199  11:40  Marine  
  199  11:42  Marine  
  199  11:43  SCV  
  194  11:48  SCV  
  194  11:52  Marine  
  194  11:53  Marine x2  
  194  11:54  Marine  
  184  11:55  SCV  
  184  11:56  Marine x3  
  184  11:57  Marine  
  184  11:58  Marine x2  
  184  11:59  Planetary Fortress, Marine  
  184  12:00  SCV, Marine  
  194  12:02  Medivac  
  194  12:04  Medivac  
  194  12:07  SCV  
  199  12:10  Marine  
  199  12:11  Marine x3  
  189  12:32  Marauder x2, Marine x3, Medivac  
  189  12:33  Marauder  
  200  12:43  Marine  
  182  12:48  Marauder, Marine  
  182  12:51  Marine  
  182  12:54  Marauder  
  182  12:55  Siege Tank  
  182  12:56  Medivac  
  182  12:57  Marauder, Marine  
  189  13:02  Marine, Medivac  
  189  13:03  Marauder  
  187  13:09  Marine x2  
  187  13:10  Marine x2  
  187  13:11  Marine  
  187  13:12  Marine x2  
  135  13:14  Marine x2  
  135  13:16  Command Center  
  135  13:18  Marine  
  129  13:20  Marine  
  129  13:23  Siege Tank  
  129  13:24  Marine  
  132  13:27  Marine x2  
  132  13:28  Siege Tank, Marine x3, Medivac  
  132  13:30  Marine x2  
  132  13:32  Marine  
  132  13:33  Marine  
  146  13:37  Marauder  
  146  13:38  Marine  
  145  13:41  Marine  
  145  13:42  Medivac  
  145  13:44  Marine  
  145  13:48  Marauder, Marine  
  149  13:49  Marine  
  149  13:52  Marauder, Marine  
  159  13:55  Siege Tank  
  159  13:58  Marauder, Medivac  
  159  14:00  Siege Tank  
  159  14:02  Marauder, Marine  
  167  14:06  SCV x2  
  169  14:10  Marine  
  169  14:13  Medivac  
  150  14:18  SCV x2  
  150  14:20  Marine  
  136  14:28  Medivac  
  136  14:29  Marine  
  136  14:30  SCV x2, Marine  
  136  14:31  Orbital Command  
  142  14:34  Marauder, Marine  
  142  14:37  Marine  
  141  14:42  SCV  
  141  14:43  SCV, Marine x2, Medivac  
  146  14:49  Marine  
  146  14:50  Marine  
  147  14:54  SCV  
  147  14:57  Marine  
  149  15:01  Marine  
  149  15:03  Marine  
  149  15:05  Marine  
  151  15:07  Marine  
  150  15:15  Siege Tank, Marine, Sensor Tower  
  150  15:19  Marauder  
  150  15:20  Marine  
  153  15:21  Marine  
  153  15:22  Marine  
  153  15:27  Marauder, Marine  
  158  15:34  Marauder, Marine  
  161  15:37  Marine  
  161  15:38  Marauder  
  161  15:41  Marine  
  164  15:49  Marine x2  
  142  15:50  Marine  
  142  15:51  Marine x4  
  142  15:52  Marine  
  142  15:55  Marine x2  
  139  15:58  Marine  
  139  15:59  Marine  
  136  16:04  Medivac  
  136  16:07  Marine x2  
  136  16:08  Marine  
  136  16:09  Marine x3  
  136  16:10  Marine  
  145  16:12  Marine  
  145  16:14  Marine  
  145  16:16  Marine  
  145  16:17  Marine  
  141  16:19  Marine  
  141  16:22  Medivac  
  139  16:25  Marine  
  139  16:26  Marine  
  139  16:28  Marine  
  139  16:31  Marine x2  
  139  16:32  Marine  
  140  16:34  Marine  
  140  16:35  Marine x2  
  140  16:37  Marine  
  140  16:39  Marine  
  141  16:48  Marine  
  141  16:49  Marauder  
  141  16:50  Marine  
  141  16:52  Orbital Command, Marine  
  148  16:54  Marauder  
  148  16:55  Marine  
  149  17:07  Marine x4  
  153  17:09  Marine  
  155  17:21  Marine  
  139  17:27  Marine  
Tags
 
Add a new tag
Caveats
  • Supply blocks, unpowered buildings, or Contaminate may cause inaccurate times.
  • Supply counts are checked every 10 seconds.